Workbook

Sheet Summary
A1: Self Storage Business Valuation Spreadsheet
A3: Operating Indicators | B3: Calculated Value | D3: Valuation Indications | E3: Calculated Value
A4: Facility | B4: =IF(Assumptions!$B$3="","",Assumptions!$B$3) | D4: Income Capitalization Indication | E4: =IF($B$11="","",IFERROR($B$11/Assumptions!$B$7,""))
A5: Valuation Date | B5: =IF(Assumptions!$B$4="","",Assumptions!$B$4) | D5: Revenue Multiple Indication | E5: =IF($B$7="","",IFERROR($B$7*Assumptions!$B$8,""))
A6: Included Monthly Periods | B6: =IF(OR(Assumptions!$B$3="",Assumptions!$B$4=""),"",COUNTIFS('Operating Data'!$A$5:$A$124,Assumptions!$B$3,'Operating Data'!$B$5:$B$124,">="&EDATE(Assumptions!$B$4,-Assumptions!$B$5),'Operating Data'!$B$5:$B$124,"<="&Assumptions!$B$4,'Operating Data'!$J$5:$J$124,"Included")) | D6: Discounted Cash-Flow Indication | E6: =IF($B$7="","",IFERROR(SUM('DCF Forecast'!$K$5:$K$14),""))
A7: Annualized Revenue | B7: =IF($B$6=0,"",IFERROR(SUMIFS('Operating Data'!$C$5:$C$124,'Operating Data'!$A$5:$A$124,Assumptions!$B$3,'Operating Data'!$B$5:$B$124,">="&EDATE(Assumptions!$B$4,-Assumptions!$B$5),'Operating Data'!$B$5:$B$124,"<="&Assumptions!$B$4,'Operating Data'!$J$5:$J$124,"Included")/$B$6*12,"")) | D7: Reconciled Valuation Indication | E7: =IF(COUNT($E$4:$E$6)<3,"",IFERROR(SUMPRODUCT($E$4:$E$6,Assumptions!$B$15:$B$17)/SUM(Assumptions!$B$15:$B$17),""))
A8: Annualized Operating Expenses | B8: =IF($B$6=0,"",IFERROR(SUMIFS('Operating Data'!$D$5:$D$124,'Operating Data'!$A$5:$A$124,Assumptions!$B$3,'Operating Data'!$B$5:$B$124,">="&EDATE(Assumptions!$B$4,-Assumptions!$B$5),'Operating Data'!$B$5:$B$124,"<="&Assumptions!$B$4,'Operating Data'!$J$5:$J$124,"Included")/$B$6*12,"")) | D8: Assumptions in Use | E8: Calculated Value
A9: Annualized NOI Before Adjustment | B9: =IF(OR($B$7="",$B$8=""),"",IFERROR($B$7-$B$8,"")) | D9: Capitalization Rate | E9: =IF(Assumptions!$B$7="","",Assumptions!$B$7)
A10: NOI Normalization Adjustment | B10: =IF($B$9="","",Assumptions!$B$6) | D10: Revenue Multiple | E10: =IF(Assumptions!$B$8="","",Assumptions!$B$8)
A11: Normalized Annual NOI | B11: =IF(OR($B$9="",$B$10=""),"",IFERROR($B$9+$B$10,"")) | D11: Discount Rate | E11: =IF(Assumptions!$B$13="","",Assumptions!$B$13)
A12: Normalized NOI Margin | B12: =IF(OR($B$11="",$B$7=""),"",IFERROR($B$11/$B$7,"")) | D12: Terminal Capitalization Rate | E12: =IF(Assumptions!$B$12="","",Assumptions!$B$12)
A13: Weighted Occupancy | B13: =IF($B$6=0,"",IFERROR(SUMIFS('Operating Data'!$G$5:$G$124,'Operating Data'!$A$5:$A$124,Assumptions!$B$3,'Operating Data'!$B$5:$B$124,">="&EDATE(Assumptions!$B$4,-Assumptions!$B$5),'Operating Data'!$B$5:$B$124,"<="&Assumptions!$B$4,'Operating Data'!$J$5:$J$124,"Included")/SUMIFS('Operating Data'!$F$5:$F$124,'Operating Data'!$A$5:$A$124,Assumptions!$B$3,'Operating Data'!$B$5:$B$124,">="&EDATE(Assumptions!$B$4,-Assumptions!$B$5),'Operating Data'!$B$5:$B$124,"<="&Assumptions!$B$4,'Operating Data'!$J$5:$J$124,"Included"),"")) | D13: Total Method Weight | E13: =IF(Assumptions!$B$18="","",Assumptions!$B$18)
A14: Records Awaiting Review | B14: =IF(OR(Assumptions!$B$3="",Assumptions!$B$4=""),"",COUNTIFS('Operating Data'!$A$5:$A$124,Assumptions!$B$3,'Operating Data'!$B$5:$B$124,">="&EDATE(Assumptions!$B$4,-Assumptions!$B$5),'Operating Data'!$B$5:$B$124,"<="&Assumptions!$B$4,'Operating Data'!$J$5:$J$124,"Review")) | D14: Review Flag | E14: =IF($B$6=0,"Review: no included operating periods",IF($B$11<=0,"Review: normalized NOI is not positive",IF(ABS($E$13-1)>0.0001,"Review: method weights do not total 100%",IF($B$14>0,"Review: one or more operating records need human review","Ready for human valuation review"))))

Sheet Operating Data
A1: Fictional Monthly Operating Data
A2: Enter one monthly operating record per facility. Yellow cells are editable; status controls whether a record is used in the valuation.
A4: Facility | B4: Period | C4: Revenue Amount | D4: Operating Expense Amount | E4: NOI Amount | F4: Total Units | G4: Occupied Units | H4: Occupancy | I4: Record Owner | J4: Status | K4: Due Date | L4: Notes
A5: Cedar Lantern Storage (Fictional) | B5: 45930 | C5: 116500 | D5: 65400 | E5: =IF(OR($A5="",$B5="",$C5="",$D5=""),"",IFERROR($C5-$D5,"")) | F5: 420 | G5: 368 | H5: =IF(OR($A5="",$B5="",$F5="",$G5=""),"",IFERROR($G5/$F5,"")) | I5: Avery Quill (Fictional) | J5: Included | K5: 45940 | L5: Fictional monthly close reviewed for the valuation file.
A6: Cedar Lantern Storage (Fictional) | B6: 45961 | C6: 118900 | D6: 66300 | E6: =IF(OR($A6="",$B6="",$C6="",$D6=""),"",IFERROR($C6-$D6,"")) | F6: 420 | G6: 371 | H6: =IF(OR($A6="",$B6="",$F6="",$G6=""),"",IFERROR($G6/$F6,"")) | I6: Morgan Vale (Fictional) | J6: Included | K6: 45971 | L6: Fictional revenue and expense totals agree to the internal scenario.
A7: Cedar Lantern Storage (Fictional) | B7: 45991 | C7: 121400 | D7: 67100 | E7: =IF(OR($A7="",$B7="",$C7="",$D7=""),"",IFERROR($C7-$D7,"")) | F7: 420 | G7: 375 | H7: =IF(OR($A7="",$B7="",$F7="",$G7=""),"",IFERROR($G7/$F7,"")) | I7: Riley North (Fictional) | J7: Included | K7: 46001 | L7: Fictional occupancy count reflects the month-end scenario.
A8: Cedar Lantern Storage (Fictional) | B8: 46022 | C8: 119800 | D8: 68900 | E8: =IF(OR($A8="",$B8="",$C8="",$D8=""),"",IFERROR($C8-$D8,"")) | F8: 420 | G8: 379 | H8: =IF(OR($A8="",$B8="",$F8="",$G8=""),"",IFERROR($G8/$F8,"")) | I8: Avery Quill (Fictional) | J8: Included | K8: 46032 | L8: Fictional winter expense increase retained for review.
A9: Cedar Lantern Storage (Fictional) | B9: 46053 | C9: 117600 | D9: 68100 | E9: =IF(OR($A9="",$B9="",$C9="",$D9=""),"",IFERROR($C9-$D9,"")) | F9: 420 | G9: 376 | H9: =IF(OR($A9="",$B9="",$F9="",$G9=""),"",IFERROR($G9/$F9,"")) | I9: Morgan Vale (Fictional) | J9: Included | K9: 46063 | L9: Fictional monthly totals entered without additional adjustment.
A10: Cedar Lantern Storage (Fictional) | B10: 46081 | C10: 123200 | D10: 69600 | E10: =IF(OR($A10="",$B10="",$C10="",$D10=""),"",IFERROR($C10-$D10,"")) | F10: 420 | G10: 382 | H10: =IF(OR($A10="",$B10="",$F10="",$G10=""),"",IFERROR($G10/$F10,"")) | I10: Riley North (Fictional) | J10: Included | K10: 46091 | L10: Fictional spring leasing activity reflected in occupancy.
A11: Cedar Lantern Storage (Fictional) | B11: 46112 | C11: 126800 | D11: 71200 | E11: =IF(OR($A11="",$B11="",$C11="",$D11=""),"",IFERROR($C11-$D11,"")) | F11: 420 | G11: 386 | H11: =IF(OR($A11="",$B11="",$F11="",$G11=""),"",IFERROR($G11/$F11,"")) | I11: Avery Quill (Fictional) | J11: Included | K11: 46122 | L11: Fictional expense total includes routine property operations.
A12: Cedar Lantern Storage (Fictional) | B12: 46142 | C12: 128100 | D12: 71900 | E12: =IF(OR($A12="",$B12="",$C12="",$D12=""),"",IFERROR($C12-$D12,"")) | F12: 420 | G12: 389 | H12: =IF(OR($A12="",$B12="",$F12="",$G12=""),"",IFERROR($G12/$F12,"")) | I12: Morgan Vale (Fictional) | J12: Included | K12: 46152 | L12: Fictional monthly close used as an included valuation period.
A13: Cedar Lantern Storage (Fictional) | B13: 46173 | C13: 130600 | D13: 72700 | E13: =IF(OR($A13="",$B13="",$C13="",$D13=""),"",IFERROR($C13-$D13,"")) | F13: 420 | G13: 392 | H13: =IF(OR($A13="",$B13="",$F13="",$G13=""),"",IFERROR($G13/$F13,"")) | I13: Riley North (Fictional) | J13: Included | K13: 46183 | L13: Fictional occupancy increased within the 420-unit capacity.
A14: Cedar Lantern Storage (Fictional) | B14: 46203 | C14: 132400 | D14: 74100 | E14: =IF(OR($A14="",$B14="",$C14="",$D14=""),"",IFERROR($C14-$D14,"")) | F14: 420 | G14: 395 | H14: =IF(OR($A14="",$B14="",$F14="",$G14=""),"",IFERROR($G14/$F14,"")) | I14: Avery Quill (Fictional) | J14: Included | K14: 46213 | L14: Fictional monthly totals reviewed by the record owner.
A15: Cedar Lantern Storage (Fictional) | B15: 46234 | C15: 134900 | D15: 74800 | E15: =IF(OR($A15="",$B15="",$C15="",$D15=""),"",IFERROR($C15-$D15,"")) | F15: 420 | G15: 397 | H15: =IF(OR($A15="",$B15="",$F15="",$G15=""),"",IFERROR($G15/$F15,"")) | I15: Morgan Vale (Fictional) | J15: Included | K15: 46244 | L15: Fictional period includes ordinary operating activity.
A16: Cedar Lantern Storage (Fictional) | B16: 46265 | C16: 136300 | D16: 75900 | E16: =IF(OR($A16="",$B16="",$C16="",$D16=""),"",IFERROR($C16-$D16,"")) | F16: 420 | G16: 398 | H16: =IF(OR($A16="",$B16="",$F16="",$G16=""),"",IFERROR($G16/$F16,"")) | I16: Riley North (Fictional) | J16: Review | K16: 46275 | L16: Fictional latest period needs owner confirmation before inclusion.
E17: =IF(OR($A17="",$B17="",$C17="",$D17=""),"",IFERROR($C17-$D17,"")) | H17: =IF(OR($A17="",$B17="",$F17="",$G17=""),"",IFERROR($G17/$F17,""))
E18: =IF(OR($A18="",$B18="",$C18="",$D18=""),"",IFERROR($C18-$D18,"")) | H18: =IF(OR($A18="",$B18="",$F18="",$G18=""),"",IFERROR($G18/$F18,""))
E19: =IF(OR($A19="",$B19="",$C19="",$D19=""),"",IFERROR($C19-$D19,"")) | H19: =IF(OR($A19="",$B19="",$F19="",$G19=""),"",IFERROR($G19/$F19,""))
E20: =IF(OR($A20="",$B20="",$C20="",$D20=""),"",IFERROR($C20-$D20,"")) | H20: =IF(OR($A20="",$B20="",$F20="",$G20=""),"",IFERROR($G20/$F20,""))
E21: =IF(OR($A21="",$B21="",$C21="",$D21=""),"",IFERROR($C21-$D21,"")) | H21: =IF(OR($A21="",$B21="",$F21="",$G21=""),"",IFERROR($G21/$F21,""))
E22: =IF(OR($A22="",$B22="",$C22="",$D22=""),"",IFERROR($C22-$D22,"")) | H22: =IF(OR($A22="",$B22="",$F22="",$G22=""),"",IFERROR($G22/$F22,""))
E23: =IF(OR($A23="",$B23="",$C23="",$D23=""),"",IFERROR($C23-$D23,"")) | H23: =IF(OR($A23="",$B23="",$F23="",$G23=""),"",IFERROR($G23/$F23,""))
E24: =IF(OR($A24="",$B24="",$C24="",$D24=""),"",IFERROR($C24-$D24,"")) | H24: =IF(OR($A24="",$B24="",$F24="",$G24=""),"",IFERROR($G24/$F24,""))
E25: =IF(OR($A25="",$B25="",$C25="",$D25=""),"",IFERROR($C25-$D25,"")) | H25: =IF(OR($A25="",$B25="",$F25="",$G25=""),"",IFERROR($G25/$F25,""))
E26: =IF(OR($A26="",$B26="",$C26="",$D26=""),"",IFERROR($C26-$D26,"")) | H26: =IF(OR($A26="",$B26="",$F26="",$G26=""),"",IFERROR($G26/$F26,""))
E27: =IF(OR($A27="",$B27="",$C27="",$D27=""),"",IFERROR($C27-$D27,"")) | H27: =IF(OR($A27="",$B27="",$F27="",$G27=""),"",IFERROR($G27/$F27,""))
E28: =IF(OR($A28="",$B28="",$C28="",$D28=""),"",IFERROR($C28-$D28,"")) | H28: =IF(OR($A28="",$B28="",$F28="",$G28=""),"",IFERROR($G28/$F28,""))
... E124: =IF(OR($A124="",$B124="",$C124="",$D124=""),"",IFERROR($C124-$D124,"")) | H124: =IF(OR($A124="",$B124="",$F124="",$G124=""),"",IFERROR($G124/$F124,""))

Sheet DCF Forecast
A1: Discounted Cash-Flow Forecast
A2: Calculated annual forecast using the operating indicators and editable assumptions.
A4: Year | B4: Period End | C4: Revenue | D4: Operating Expenses | E4: NOI Adjustment | F4: NOI | G4: Terminal Value | H4: Discount Factor | I4: PV of NOI | J4: PV of Terminal | K4: Total Present Value
A5: 1 | B5: =IF(OR(Assumptions!$B$4="",$A5>Assumptions!$B$9),"",IFERROR(EDATE(Assumptions!$B$4,12*$A5),"")) | C5: =IF(OR(Summary!$B$7="",$A5>Assumptions!$B$9),"",IFERROR(Summary!$B$7*(1+Assumptions!$B$10)^$A5,"")) | D5: =IF(OR(Summary!$B$8="",$A5>Assumptions!$B$9),"",IFERROR(Summary!$B$8*(1+Assumptions!$B$11)^$A5,"")) | E5: =IF($C5="","",IFERROR(Assumptions!$B$6,"")) | F5: =IF(OR($C5="",$D5="",$E5=""),"",IFERROR($C5-$D5+$E5,"")) | G5: =IF($F5="","",IF($A5=Assumptions!$B$9,IFERROR(($C5*(1+Assumptions!$B$10)-$D5*(1+Assumptions!$B$11)+$E5)/Assumptions!$B$12,""),"")) | H5: =IF($F5="","",IFERROR(1/(1+Assumptions!$B$13)^$A5,"")) | I5: =IF(OR($F5="",$H5=""),"",IFERROR($F5*$H5,"")) | J5: =IF(OR($G5="",$H5=""),"",IFERROR($G5*(1-Assumptions!$B$14)*$H5,"")) | K5: =IF($I5="","",IFERROR($I5+IF($J5="",0,$J5),""))
A6: 2 | B6: =IF(OR(Assumptions!$B$4="",$A6>Assumptions!$B$9),"",IFERROR(EDATE(Assumptions!$B$4,12*$A6),"")) | C6: =IF(OR(Summary!$B$7="",$A6>Assumptions!$B$9),"",IFERROR(Summary!$B$7*(1+Assumptions!$B$10)^$A6,"")) | D6: =IF(OR(Summary!$B$8="",$A6>Assumptions!$B$9),"",IFERROR(Summary!$B$8*(1+Assumptions!$B$11)^$A6,"")) | E6: =IF($C6="","",IFERROR(Assumptions!$B$6,"")) | F6: =IF(OR($C6="",$D6="",$E6=""),"",IFERROR($C6-$D6+$E6,"")) | G6: =IF($F6="","",IF($A6=Assumptions!$B$9,IFERROR(($C6*(1+Assumptions!$B$10)-$D6*(1+Assumptions!$B$11)+$E6)/Assumptions!$B$12,""),"")) | H6: =IF($F6="","",IFERROR(1/(1+Assumptions!$B$13)^$A6,"")) | I6: =IF(OR($F6="",$H6=""),"",IFERROR($F6*$H6,"")) | J6: =IF(OR($G6="",$H6=""),"",IFERROR($G6*(1-Assumptions!$B$14)*$H6,"")) | K6: =IF($I6="","",IFERROR($I6+IF($J6="",0,$J6),""))
A7: 3 | B7: =IF(OR(Assumptions!$B$4="",$A7>Assumptions!$B$9),"",IFERROR(EDATE(Assumptions!$B$4,12*$A7),"")) | C7: =IF(OR(Summary!$B$7="",$A7>Assumptions!$B$9),"",IFERROR(Summary!$B$7*(1+Assumptions!$B$10)^$A7,"")) | D7: =IF(OR(Summary!$B$8="",$A7>Assumptions!$B$9),"",IFERROR(Summary!$B$8*(1+Assumptions!$B$11)^$A7,"")) | E7: =IF($C7="","",IFERROR(Assumptions!$B$6,"")) | F7: =IF(OR($C7="",$D7="",$E7=""),"",IFERROR($C7-$D7+$E7,"")) | G7: =IF($F7="","",IF($A7=Assumptions!$B$9,IFERROR(($C7*(1+Assumptions!$B$10)-$D7*(1+Assumptions!$B$11)+$E7)/Assumptions!$B$12,""),"")) | H7: =IF($F7="","",IFERROR(1/(1+Assumptions!$B$13)^$A7,"")) | I7: =IF(OR($F7="",$H7=""),"",IFERROR($F7*$H7,"")) | J7: =IF(OR($G7="",$H7=""),"",IFERROR($G7*(1-Assumptions!$B$14)*$H7,"")) | K7: =IF($I7="","",IFERROR($I7+IF($J7="",0,$J7),""))
A8: 4 | B8: =IF(OR(Assumptions!$B$4="",$A8>Assumptions!$B$9),"",IFERROR(EDATE(Assumptions!$B$4,12*$A8),"")) | C8: =IF(OR(Summary!$B$7="",$A8>Assumptions!$B$9),"",IFERROR(Summary!$B$7*(1+Assumptions!$B$10)^$A8,"")) | D8: =IF(OR(Summary!$B$8="",$A8>Assumptions!$B$9),"",IFERROR(Summary!$B$8*(1+Assumptions!$B$11)^$A8,"")) | E8: =IF($C8="","",IFERROR(Assumptions!$B$6,"")) | F8: =IF(OR($C8="",$D8="",$E8=""),"",IFERROR($C8-$D8+$E8,"")) | G8: =IF($F8="","",IF($A8=Assumptions!$B$9,IFERROR(($C8*(1+Assumptions!$B$10)-$D8*(1+Assumptions!$B$11)+$E8)/Assumptions!$B$12,""),"")) | H8: =IF($F8="","",IFERROR(1/(1+Assumptions!$B$13)^$A8,"")) | I8: =IF(OR($F8="",$H8=""),"",IFERROR($F8*$H8,"")) | J8: =IF(OR($G8="",$H8=""),"",IFERROR($G8*(1-Assumptions!$B$14)*$H8,"")) | K8: =IF($I8="","",IFERROR($I8+IF($J8="",0,$J8),""))
A9: 5 | B9: =IF(OR(Assumptions!$B$4="",$A9>Assumptions!$B$9),"",IFERROR(EDATE(Assumptions!$B$4,12*$A9),"")) | C9: =IF(OR(Summary!$B$7="",$A9>Assumptions!$B$9),"",IFERROR(Summary!$B$7*(1+Assumptions!$B$10)^$A9,"")) | D9: =IF(OR(Summary!$B$8="",$A9>Assumptions!$B$9),"",IFERROR(Summary!$B$8*(1+Assumptions!$B$11)^$A9,"")) | E9: =IF($C9="","",IFERROR(Assumptions!$B$6,"")) | F9: =IF(OR($C9="",$D9="",$E9=""),"",IFERROR($C9-$D9+$E9,"")) | G9: =IF($F9="","",IF($A9=Assumptions!$B$9,IFERROR(($C9*(1+Assumptions!$B$10)-$D9*(1+Assumptions!$B$11)+$E9)/Assumptions!$B$12,""),"")) | H9: =IF($F9="","",IFERROR(1/(1+Assumptions!$B$13)^$A9,"")) | I9: =IF(OR($F9="",$H9=""),"",IFERROR($F9*$H9,"")) | J9: =IF(OR($G9="",$H9=""),"",IFERROR($G9*(1-Assumptions!$B$14)*$H9,"")) | K9: =IF($I9="","",IFERROR($I9+IF($J9="",0,$J9),""))
A10: 6 | B10: =IF(OR(Assumptions!$B$4="",$A10>Assumptions!$B$9),"",IFERROR(EDATE(Assumptions!$B$4,12*$A10),"")) | C10: =IF(OR(Summary!$B$7="",$A10>Assumptions!$B$9),"",IFERROR(Summary!$B$7*(1+Assumptions!$B$10)^$A10,"")) | D10: =IF(OR(Summary!$B$8="",$A10>Assumptions!$B$9),"",IFERROR(Summary!$B$8*(1+Assumptions!$B$11)^$A10,"")) | E10: =IF($C10="","",IFERROR(Assumptions!$B$6,"")) | F10: =IF(OR($C10="",$D10="",$E10=""),"",IFERROR($C10-$D10+$E10,"")) | G10: =IF($F10="","",IF($A10=Assumptions!$B$9,IFERROR(($C10*(1+Assumptions!$B$10)-$D10*(1+Assumptions!$B$11)+$E10)/Assumptions!$B$12,""),"")) | H10: =IF($F10="","",IFERROR(1/(1+Assumptions!$B$13)^$A10,"")) | I10: =IF(OR($F10="",$H10=""),"",IFERROR($F10*$H10,"")) | J10: =IF(OR($G10="",$H10=""),"",IFERROR($G10*(1-Assumptions!$B$14)*$H10,"")) | K10: =IF($I10="","",IFERROR($I10+IF($J10="",0,$J10),""))
A11: 7 | B11: =IF(OR(Assumptions!$B$4="",$A11>Assumptions!$B$9),"",IFERROR(EDATE(Assumptions!$B$4,12*$A11),"")) | C11: =IF(OR(Summary!$B$7="",$A11>Assumptions!$B$9),"",IFERROR(Summary!$B$7*(1+Assumptions!$B$10)^$A11,"")) | D11: =IF(OR(Summary!$B$8="",$A11>Assumptions!$B$9),"",IFERROR(Summary!$B$8*(1+Assumptions!$B$11)^$A11,"")) | E11: =IF($C11="","",IFERROR(Assumptions!$B$6,"")) | F11: =IF(OR($C11="",$D11="",$E11=""),"",IFERROR($C11-$D11+$E11,"")) | G11: =IF($F11="","",IF($A11=Assumptions!$B$9,IFERROR(($C11*(1+Assumptions!$B$10)-$D11*(1+Assumptions!$B$11)+$E11)/Assumptions!$B$12,""),"")) | H11: =IF($F11="","",IFERROR(1/(1+Assumptions!$B$13)^$A11,"")) | I11: =IF(OR($F11="",$H11=""),"",IFERROR($F11*$H11,"")) | J11: =IF(OR($G11="",$H11=""),"",IFERROR($G11*(1-Assumptions!$B$14)*$H11,"")) | K11: =IF($I11="","",IFERROR($I11+IF($J11="",0,$J11),""))
A12: 8 | B12: =IF(OR(Assumptions!$B$4="",$A12>Assumptions!$B$9),"",IFERROR(EDATE(Assumptions!$B$4,12*$A12),"")) | C12: =IF(OR(Summary!$B$7="",$A12>Assumptions!$B$9),"",IFERROR(Summary!$B$7*(1+Assumptions!$B$10)^$A12,"")) | D12: =IF(OR(Summary!$B$8="",$A12>Assumptions!$B$9),"",IFERROR(Summary!$B$8*(1+Assumptions!$B$11)^$A12,"")) | E12: =IF($C12="","",IFERROR(Assumptions!$B$6,"")) | F12: =IF(OR($C12="",$D12="",$E12=""),"",IFERROR($C12-$D12+$E12,"")) | G12: =IF($F12="","",IF($A12=Assumptions!$B$9,IFERROR(($C12*(1+Assumptions!$B$10)-$D12*(1+Assumptions!$B$11)+$E12)/Assumptions!$B$12,""),"")) | H12: =IF($F12="","",IFERROR(1/(1+Assumptions!$B$13)^$A12,"")) | I12: =IF(OR($F12="",$H12=""),"",IFERROR($F12*$H12,"")) | J12: =IF(OR($G12="",$H12=""),"",IFERROR($G12*(1-Assumptions!$B$14)*$H12,"")) | K12: =IF($I12="","",IFERROR($I12+IF($J12="",0,$J12),""))
A13: 9 | B13: =IF(OR(Assumptions!$B$4="",$A13>Assumptions!$B$9),"",IFERROR(EDATE(Assumptions!$B$4,12*$A13),"")) | C13: =IF(OR(Summary!$B$7="",$A13>Assumptions!$B$9),"",IFERROR(Summary!$B$7*(1+Assumptions!$B$10)^$A13,"")) | D13: =IF(OR(Summary!$B$8="",$A13>Assumptions!$B$9),"",IFERROR(Summary!$B$8*(1+Assumptions!$B$11)^$A13,"")) | E13: =IF($C13="","",IFERROR(Assumptions!$B$6,"")) | F13: =IF(OR($C13="",$D13="",$E13=""),"",IFERROR($C13-$D13+$E13,"")) | G13: =IF($F13="","",IF($A13=Assumptions!$B$9,IFERROR(($C13*(1+Assumptions!$B$10)-$D13*(1+Assumptions!$B$11)+$E13)/Assumptions!$B$12,""),"")) | H13: =IF($F13="","",IFERROR(1/(1+Assumptions!$B$13)^$A13,"")) | I13: =IF(OR($F13="",$H13=""),"",IFERROR($F13*$H13,"")) | J13: =IF(OR($G13="",$H13=""),"",IFERROR($G13*(1-Assumptions!$B$14)*$H13,"")) | K13: =IF($I13="","",IFERROR($I13+IF($J13="",0,$J13),""))
A14: 10 | B14: =IF(OR(Assumptions!$B$4="",$A14>Assumptions!$B$9),"",IFERROR(EDATE(Assumptions!$B$4,12*$A14),"")) | C14: =IF(OR(Summary!$B$7="",$A14>Assumptions!$B$9),"",IFERROR(Summary!$B$7*(1+Assumptions!$B$10)^$A14,"")) | D14: =IF(OR(Summary!$B$8="",$A14>Assumptions!$B$9),"",IFERROR(Summary!$B$8*(1+Assumptions!$B$11)^$A14,"")) | E14: =IF($C14="","",IFERROR(Assumptions!$B$6,"")) | F14: =IF(OR($C14="",$D14="",$E14=""),"",IFERROR($C14-$D14+$E14,"")) | G14: =IF($F14="","",IF($A14=Assumptions!$B$9,IFERROR(($C14*(1+Assumptions!$B$10)-$D14*(1+Assumptions!$B$11)+$E14)/Assumptions!$B$12,""),"")) | H14: =IF($F14="","",IFERROR(1/(1+Assumptions!$B$13)^$A14,"")) | I14: =IF(OR($F14="",$H14=""),"",IFERROR($F14*$H14,"")) | J14: =IF(OR($G14="",$H14=""),"",IFERROR($G14*(1-Assumptions!$B$14)*$H14,"")) | K14: =IF($I14="","",IFERROR($I14+IF($J14="",0,$J14),""))

Sheet Assumptions
A1: Valuation Assumptions
A2: Yellow cells are editable scenario inputs. Valuation indications are internal estimates for human review and are not guarantees. | E2: Stable Status | F2: Meaning
A3: Facility Name | B3: Cedar Lantern Storage (Fictional) | C3: Facility matched to operating records | E3: Included | F3: Used in the valuation calculations
A4: Valuation Date | B4: 46276 | C4: Scenario measurement date | E4: Review | F4: Held for human review
A5: Lookback Period | B5: 12 | C5: Monthly periods considered | E5: Excluded | F5: Not used in the valuation calculations
A6: Annual NOI Normalization Adjustment | B6: 12000 | C6: Editable positive or negative annual adjustment
A7: Capitalization Rate | B7: 0.0725 | C7: Income capitalization scenario rate
A8: Revenue Multiple | B8: 3.75 | C8: Gross revenue scenario multiple
A9: DCF Forecast Years | B9: 10 | C9: Annual forecast periods
A10: Annual Revenue Growth | B10: 0.03 | C10: Editable annual scenario rate
A11: Annual Expense Growth | B11: 0.0325 | C11: Editable annual scenario rate
A12: Terminal Capitalization Rate | B12: 0.0775 | C12: Terminal value scenario rate
A13: Discount Rate | B13: 0.105 | C13: Discounted cash-flow scenario rate
A14: Selling Cost Assumption | B14: 0.02 | C14: Applied to terminal value only
A15: Income Capitalization Weight | B15: 0.4 | C15: Weight in reconciled indication
A16: Revenue Multiple Weight | B16: 0.2 | C16: Weight in reconciled indication
A17: DCF Weight | B17: 0.4 | C17: Weight in reconciled indication
A18: Total Method Weight | B18: =IFERROR(SUM($B$15:$B$17),"") | C18: Should total 100.0% before reconciliation
